 Dungeon Crawl Stone Soup version 0.27-a0-1591-gc56fcc985a (webtiles) character file.

Game seed: 5845030898914505629

10996 night the Destroyer (level 11, -9/61 HPs)
             Began as an Octopode Conjurer on July 19, 2021.
             Killed from afar by a fire dragon (30 damage)
             ... with a blast of flame
             ... on level 9 of the Dungeon on July 20, 2021.
             The game lasted 00:30:41 (13527 turns).

night the Destroyer (Octopode Conjurer)            Turns: 13527, Time: 00:30:41

Health: -9/61      AC:  1    Str:  7    XL:     11   Next: 70%
Magic:  1/34       EV: 13    Int: 30    God:
Gold:   501        SH:  0    Dex: 16    Spells: 9/30 levels left

rFire    . . .     SeeInvis .   n - +0 dagger (speed)
rCold    . . .     Faith    .   (no shield)
rNeg     . . .     Spirit   .   (helmet restricted)
rPois    .         Reflect  .   (no amulet)
rElec    .         Harm     .   y - +6 ring of intelligence
rCorr    .         Rampage  .   D - ring "Kirph" {Dex+6 Slay+5}
Will     .....                  C - ring of magical power
Stlth    +++.......             (no ring)
HPRegen  0.20/turn              (no ring)
MPRegen  0.24/turn              (no ring)
                                (no ring)
                                (no ring)

@: no status effects
A: almost no armour, amphibious, 8 rings, camouflage 1, gelatinous body 1,
(nimble swimmer 1), tentacles
a: no special abilities


You were on level 9 of the Dungeon.
You visited 2 branches of the dungeon, and saw 12 of its levels.

You collected 761 gold pieces.
You spent 260 gold pieces at shops.

Inventory:

Hand Weapons
 a - a +4 quarterstaff of chaos
 b - a +0 dagger
 n - a +0 dagger of speed (weapon)
 r - a +0 trident
 t - a +1 long sword of flaming
 v - a +0 dagger of protection
 B - a +2 flail of holy wrath
 G - a +2 scimitar of flaming
Missiles
 f - 14 javelins
 i - 224 stones
 k - 52 poisoned darts
 q - 9 boomerangs
 u - 82 sling bullets
Jewellery
 g - an amulet of faith
 y - a +6 ring of intelligence (left tentacle)
 C - a ring of magical power (on tentacle)
 D - the ring "Kirph" (right tentacle) {Dex+6 Slay+5}
   (You found it on level 4 of the Dungeon)

   [ring of dexterity]

   Dex:       It affects your dexterity (+6).
   Slay:      It affects your accuracy & damage with ranged weapons and melee
   (+5).
 H - a ring of fire
Wands
 c - a wand of acid (8)
 s - a wand of flame (63)
 E - a wand of digging (6)
 L - a wand of polymorph (6)
Scrolls
 h - 12 scrolls of identify
 j - 3 scrolls of enchant weapon
 F - a scroll of torment
 K - a scroll of teleportation
 O - a scroll of enchant armour
Potions
 d - a potion of might {unknown}
 e - 2 potions of lignification
 l - a potion of berserk rage {unknown}
 m - a potion of degeneration {unknown}
 o - 5 potions of curing {unknown}
 p - a potion of flight {unknown}
 w - 2 potions of cancellation {unknown}
 x - a potion of mutation {unknown}
 z - 4 potions of ambrosia {unknown}
 A - a potion of brilliance {unknown}
 I - a potion of attraction {unknown}
 J - a potion of invisibility {unknown}
 N - 2 potions of haste {unknown}


   Skills:
 - Level 2.0 Dodging
 - Level 2.6 Stealth
 + Level 10.0 Spellcasting
 * Level 14.6 Conjurations


You had 9 spell levels left.
You knew the following spells:

 Your Spells              Type           Power      Damage    Failure   Level
a - Magic Dart            Conj           100%       1d8       0%          1
b - Searing Ray           Conj           100%       3d7       0%          2
c - Iskenderun's Mystic   Conj/Tloc      56%        2d12      1%          4
d - Orb of Destruction    Conj           40%        9d14      8%          7
e - Fulminant Prism       Conj/Hex       28%        3d14      1%          4
f - Dazzling Flash        Conj/Hex       100%       N/A       1%          3

Your spell library contained the following spells:

 Spells                   Type           Power      Damage    Failure   Level
 Shock                    Conj/Air       100%       1d9       1%          1
 Blink                    Tloc           N/A        N/A       5%          2
 Summon Guardian Golem    Hex/Summ       15%        N/A       11%         3
 Swiftness                Air            15%        N/A       11%         3
 Airstrike                Air            7%         N/A       34%         4
 Alistair's Intoxication  Tmut/Pois      10%        N/A       67%         5
 Manifold Assault         Tloc           15%        N/A       67%         5
 Spellforged Servitor     Conj/Summ      28%        N/A       83%         7
 Statue Form              Tmut/Erth      10%        N/A       99%         6
 Storm Form               Tmut/Air       7%         N/A       100%        7
 Shatter                  Erth           7%         3d10*     100%        9


Dungeon Overview and Level Annotations

Branches:
Dungeon (11/15)            Temple (1/1) D:5             Orc (0/2) D:9
   Lair: D:8-11

Altars:
Ashenzari
Cheibriados
Dithmenos
Elyvilon
Fedhas
Gozag
Kikubaaqudgha
Makhleb
Nemelex Xobeh
Okawaru
Qazlal
Ru
Trog
Uskayaw
Vehumet
Wu Jian
Xom
Yredelemnul
Zin
The Shining One
Beogh

Shops:
D:4 [   D:7 =

Annotations:
D:5 3 runed translucent doors, Nattefrost's ghost, amateur MfGl
D:6 1 runed translucent door


Innate Abilities, Weirdness & Mutations

You cannot wear most types of armour.
You are amphibious.
You can wear up to eight rings at the same time.
Your skin changes colour to match your surroundings (Stealth+).
Your rubbery body absorbs attacks. (AC +1, EV +1)
((You are camouflaged near water. (Stealth+)))
You have tentacles for arms and can constrict up to eight enemies at once.


Message History

Press: ? - help, Shift-Dir - straight line, f/p - cyclops
Aim: a cyclops, quivering large rocks (magical condensation, almost dead)
The orb of destruction hits the cyclops!!!
You blow up the cyclops!
Casting: Orb of Destruction (quite dangerous; 8% risk of failure)
Confirm with . or Enter, or press ? or * to list all spells.
The spell is quite dangerous to cast (8% risk of failure)!
Continue anyway?
Aiming: Orb of Destruction (quite dangerous; 8% risk of failure)
Press: ? - help, Shift-Dir - straight line, f - fire dragon
Aim: a fire dragon The orb of destruction hits the fire dragon!!!
The fire dragon is heavily wounded.
The fire dragon breathes flames at you. The blast of flame hits you!!!
Ouch! That really hurt!
* * * LOW HITPOINT WARNING * * *
Okay, then.
You feel much better.
Casting: Orb of Destruction (quite dangerous; 8% risk of failure)
Confirm with . or Enter, or press ? or * to list all spells.
The spell is quite dangerous to cast (8% risk of failure)!
Continue anyway?
Aiming: Orb of Destruction (quite dangerous; 8% risk of failure)
Press: ? - help, Shift-Dir - straight line, f/p - fire dragon
Aim: a fire dragon (heavily wounded, catching its breath)
The orb of destruction hits the fire dragon!!
The fire dragon is almost dead.
You barely miss the fire dragon.
The fire dragon is almost dead.
You hit the fire dragon but do no damage.
You squeeze the fire dragon.
The fire dragon is almost dead.
The fire dragon misses you. The fire dragon claws you.
The fire dragon completely misses you.
You hit the fire dragon but do no damage.
The fire dragon is almost dead.
You hit the fire dragon but do no damage.
The fire dragon is almost dead.
The fire dragon breathes flames at you. The blast of flame hits you!!
You die...

. #####........ ..
#...#........
...#######...'........
........##...#........ #.
....°...##...#........ ##
#.#..)J(○°.##...#........
#...#.# ######'##...#...)....
#...#.# #....DJ.#...#........
#...#.###...@...#.###........
#...#.....#######.#......####
#...#.....#.......#[..#..#
#...'...#.#.......#...#..#
#.......#.#.......#...#..#
####.###################.#
##..###.## ##.###.# #.#
#..###... ###....))###.#
#.####.# ##.#...##)).#.#


You could see a fire dragon (catching breath) and a slime creature.

Vanquished Creatures
  2 two-headed ogres
  Erica (D:11)
  A centaur warrior (D:9)
  Pikel (D:8)
  A cyclops (D:9)
  Joseph (D:9)
  Maggie (D:6)
  An unseen horror (D:11)
  A hornet (D:7)
  A shadow (D:6)
  A wyvern (D:9)
  2 humans (D:8)
  13 yaks
  2 steam dragons
  A basilisk (D:9)
  An acid dragon (D:9)
  A water moccasin (D:7)
  2 orc warriors (D:9)
  An ice beast (D:8)
  2 sky beasts
  2 ogres
  2 necrophages
  3 centaurs
  A lemure (D:8)
  A phantom (D:7)
  Blork the orc (D:5)
  2 bullfrogs
  9 scorpions
  6 killer bees
  2 wights (D:6)
  2 electric eels (D:8)
  2 centaur zombies
  2 hounds (D:5)
  4 orc priests
  3 centaur skeletons
  2 jellies
  Crazy Yiuf (D:3)
  Jessica (D:2)
  An iguana (D:4)
  8 orc wizards
  A killer bee zombie (D:5)
  A hound skeleton (D:5)
  2 howler monkey zombies
  4 adders
  2 howler monkey skeletons (D:5)
  A white imp (D:8)
  3 ufetubi
  A worm (D:5)
  2 dart slugs
  43 orcs
  7 ball pythons
  3 bats
  6 endoplasms
  9 giant cockroaches
  9 goblins
  3 hobgoblins
  6 jackals
  A kobold (D:4)
  3 quokkas
  2 frilled lizards
  3 rats
  3 butterflies (D:6)
  3 fulminant prisms
210 creatures vanquished.

Vanquished Creatures (others)
  A human (D:9)
  24 fulminant prisms
  5 fungi (D:2)
  5 plants
35 creatures vanquished.

Grand Total: 245 creatures vanquished

Notes
Turn   | Place    | Note
-------+----------+-------------------------------------------
     0 | D:1      | night the Octopode Conjurer began the quest for the Orb.
     0 | D:1      | Reached XP level 1. HP: 11/11 MP: 3/3
   318 | D:1      | Reached XP level 2. HP: 17/17 MP: 0/5
   321 | D:1      | Learned a level 2 spell: Searing Ray
  1447 | D:2      | Found a faded altar of an unknown god.
  1516 | D:2      | Noticed Jessica
  1522 | D:2      | Killed Jessica
  1523 | D:2      | Reached XP level 3. HP: 21/21 MP: 1/7
  1636 | D:2      | Reached XP level 4. HP: 27/27 MP: 3/8
  2314 | D:3      | Learned a level 4 spell: Iskenderun's Mystic Blast
  2415 | D:3      | Reached skill level 5 in Conjurations
  2723 | D:3      | Noticed a scorpion
  2729 | D:3      | Killed a scorpion
  2730 | D:3      | Reached XP level 5. HP: 31/31 MP: 2/10
  3174 | D:3      | Learned a level 4 spell: Fulminant Prism
  3348 | D:3      | Found a runed translucent door.
  3349 | D:3      | Noticed Crazy Yiuf
  3556 | D:3      | Killed Crazy Yiuf
  3715 | D:4      | Reached skill level 6 in Conjurations
  3715 | D:4      | Reached XP level 6. HP: 36/36 MP: 4/11
  3720 | D:4      | Noticed a necrophage
  3735 | D:4      | Killed a necrophage
  3891 | D:4      | Found Harica Laurph's Antique Armour Boutique.
  4174 | D:4      | Reached XP level 7. HP: 41/41 MP: 7/13
  4363 | D:4      | Reached skill level 7 in Conjurations
  4513 | D:4      | Identified the ring "Kirph" {Dex+6 Slay+5}
  4651 | D:5      | Entered Level 5 of the Dungeon
  4760 | D:5      | Reached skill level 5 in Spellcasting
  4915 | D:5      | Noticed Blork the orc
  4924 | D:5      | Killed Blork the orc
  4925 | D:5      | Reached skill level 8 in Conjurations
  4925 | D:5      | Reached XP level 8. HP: 46/46 MP: 6/15
  5019 | D:5      | Found a staircase to the Ecumenical Temple.
  5030 | D:5      | Got the Volume of the Rocks and Transformation
  5079 | D:5      | Found a runed translucent gate.
  5079 | D:5      | Found a runed translucent gate.
  5079 | D:5      | Found a runed translucent gate.
  5079 | D:5      | Noticed Nattefrost's ghost (amateur MfGl)
  5332 | D:5      | Found a glowing golden altar of the Shining One.
  5407 | Temple   | Entered the Ecumenical Temple
  5669 | D:5      | You fall into a shaft and drop 3 floors!
  5674 | D:8      | Found a transporter.
  5704 | D:8      | Noticed a two-headed ogre
  5731 | D:8      | Found a transporter.
  5742 | D:8      | Killed a two-headed ogre
  5743 | D:8      | Reached skill level 10 in Conjurations
  5743 | D:8      | Reached XP level 9. HP: 32/51 MP: 1/18
  6287 | D:8      | Noticed Pikel
  6293 | D:8      | Killed Pikel
  6294 | D:8      | Reached skill level 11 in Conjurations
  6409 | D:8      | Found a burning altar of Makhleb.
  6481 | D:8      | Reached XP level 10. HP: 13/56 MP: 2/21
  6860 | D:7      | Reached skill level 12 in Conjurations
  7526 | D:6      | Found a sparkling altar of Nemelex Xobeh.
  8079 | D:6      | Found a runed translucent door.
  8081 | D:6      | Found a runed translucent door.
  8334 | D:6      | Found a snail-covered altar of Cheibriados.
  8438 | D:5      | Learned a level 7 spell: Orb of Destruction
  8974 | D:6      | Noticed Maggie
  9041 | D:6      | HP: 3/56 [spore (19)]
  9048 | D:6      | Killed Maggie
  9267 | D:6      | Found a broken altar of Ashenzari.
  9277 | D:6      | Found a radiant altar of Vehumet.
  9796 | D:7      | Found an opulent altar of Gozag.
  9974 | D:7      | Found Naxkie's Jewellery Shop.
  9988 | D:7      | Bought a ring of magical power for 260 gold pieces
 10429 | D:8      | Reached skill level 13 in Conjurations
 10682 | D:8      | Found a stormy altar of Qazlal.
 10708 | D:8      | Found an iron altar of Okawaru.
 10838 | D:8      | Learned a level 3 spell: Dazzling Flash
 10891 | D:9      | You fall into a shaft and drop 2 floors!
 11052 | D:11     | Killed an unseen horror
 11115 | D:11     | Noticed Erica
 11124 | D:11     | Killed Erica
 11125 | D:11     | Reached XP level 11. HP: 38/61 MP: 24/24
 11657 | D:11     | Noticed a skeletal warrior
 12090 | D:10     | Entered Level 10 of the Dungeon
 12339 | D:9      | Noticed Joseph
 12349 | D:9      | HP: 1/61 [Joseph/sling bullet (20)]
 12655 | D:9      | Killed Joseph
 12656 | D:9      | Reached skill level 14 in Conjurations
 12873 | D:9      | Noticed a two-headed ogre
 12879 | D:9      | Killed a two-headed ogre
 13117 | D:9      | Found an ancient bone altar of Kikubaaqudgha.
 13353 | D:9      | Found a staircase to the Orcish Mines.
 13450 | D:9      | Noticed a centaur warrior
 13450 | D:9      | Noticed a cyclops
 13450 | D:9      | Noticed a fire dragon
 13515 | D:9      | Killed a centaur warrior
 13516 | D:9      | Reached skill level 10 in Spellcasting
 13518 | D:9      | Killed a cyclops
 13521 | D:9      | HP: 3/61 [fire dragon/blast of flame (39)]
 13527 | D:9      | Killed from afar by a fire dragon

Illustrated notes

Levels and vault maps discovered:
D:1:      giann_wishing_wells, layout_loops_ring
D:2:      layout_basic, shapermc_ecumenical_altar_mp_urbaneastern,
          grunt_decor_arrowhead, uniq_jessica
D:3:      layout_loops_corners, grunt_ministairs_10, uniq_crazy_yiuf_cottage
D:4:      layout_cave_pools, serial_shops, kennysheep_mini_moat
D:5:      layout_loops_cross, amcnicky_altar_gilded,
          minmay_temple_entry_offerings, ebering_ghost_rock_garden,
          minmay_a_box_with_orc_wizards_in_it, uniq_blork_the_orc
D:6:      lemuel_insect_pit, layout_layer_cave, mainiacjoe_overflow_boulevard,
          gammafunk_temple_overflow_forgotten, minmay_misc_feat_hallway,
          uniq_maggie
D:7:      layout_loops_ring, grunt_gozag_breadcrumbs, serial_shops,
          nicolae_diamond_shop
D:8:      gammafunk_steamed_eel, layout_loops_cross, okawaru_humans,
          jmf_multi_god_temple, special_room [special_room_orc],
          minmay_misc_feat_doors, uniq_pikel
D:9:      minmay_shrinking_squares, layout_stronghold, tgw_kikubaaqudgha,
          david_lair_generic, erik_orc_3, minmay_starry_boxes, uniq_joseph
D:10:     layout_loops_ring, mainiacjoe_overflow_six_doors_small,
          mainiacjoe_overflow_tiny_flanked
D:11:     layout_loops_ring, enter_bailey_3, uniq_erica
Temple:   cyrus_temple_forest

Skill      XL: |  1  2  3  4  5  6  7  8  9 10 11 |
---------------+----------------------------------+-----
Spellcasting   | 3 4 5 6 7 9 10 | 10.0
Conjurations   | 5 6 8 10 11 13 14 | 14.6
Dodging        | |  2.0
Stealth        | |  2.6

Action                   |  1- 3 |  4- 6 |  7- 9 | 10-12 || total
-------------------------+-------+-------+-------+-------++-------
Melee: Unarmed           |     8 |       |       |       ||     8
       Constrict         |     5 |     3 |     4 |    11 ||    23
       Dagger            |     6 |    14 |    33 |    81 ||   134
       Tentacles         |       |     1 |    10 |    21 ||    32
 Cast: Magic Dart        |    32 |    59 |    37 |     6 ||   134
       Searing Ray       |     3 |     8 |    19 |    18 ||    48
       Iskenderun's Myst |       |     1 |     1 |    47 ||    49
       Fulminant Prism   |       |     3 |    13 |    11 ||    27
       Orb of Destructio |       |       |       |    14 ||    14
Evoke: Wand              |       |       |     2 |     1 ||     3
  Use: Scroll            |       |     2 |     4 |     4 ||    10
       Potion            |       |       |       |     4 ||     4
 Stab: Sleeping          |       |     1 |       |     8 ||     9
       Distracted        |       |       |       |     1 ||     1
Armor: Skin              |     2 |       |       |     9 ||    11
Dodge: Dodged            |    14 |     9 |    24 |    56 ||   103

Table legend: (Time is in decaauts)
 A = Elapsed time spent in this place.
 B = Non-inter-level travel time spent in this place.
 C = Inter-level travel time spent in this place.
 D = Time resting spent in this place.
 E = Time spent auto-exploring this place.
 F = Levels seen in this place.
 G = Mean time per level.
                   A        B        C        D        E       F      G
               +--------+--------+--------+--------+--------+-----+--------+
         Total |  13484 |  13023 |    461 |   2523 |   9157 |  12 | 1123.7 |
       Dungeon |  13389 |  12969 |    420 |   2523 |   9104 |  11 | 1217.2 |
        Temple |     94 |     54 |     40 |      0 |     53 |   1 |   94.0 |
               +--------+--------+--------+--------+--------+-----+--------+

Top non-repeatable levels by time:
     D:6: 2408 daAuts
     D:8: 2231 daAuts
     D:3: 1402 daAuts
     D:1: 1349 daAuts
     D:5: 1292 daAuts
    D:11: 1194 daAuts
     D:2: 952 daAuts
     D:4: 937 daAuts
     D:9: 910 daAuts
     D:7: 686 daAuts
  Temple: 94 daAuts
    D:10: 23 daAuts
